 Dungeon Crawl Stone Soup version 0.28-a0-1143-gcf6077d4cc (webtiles) character file.

Game seed: 7910977344140053286

2 RancidPinata the Sneak (level 1, -1/14 HPs)
             Began as a Gargoyle Delver on Dec 13, 2021.
             Slain by an adder (3 damage)
             ... on level 6 of the Dungeon.
             The game lasted 00:00:56 (77 turns).

RancidPinata the Sneak (Gargoyle Delver)              Turns: 77, Time: 00:00:57

Health: -1/14      AC:  5    Str: 15    XL:     1   Next: 30%
Magic:  1/1        EV: 11    Int: 10    God:
Gold:   0          SH:  0    Dex: 11    Spells: 0/0 levels left

rFire   . . .      SeeInvis .   a - +0 mace
rCold   . . .      Faith    .   (no shield)
rNeg    + . .      Spirit   .   b - +0 leather armour
rPois   ∞          Reflect  .   (no helmet)
rElec   +          Harm     .   (no cloak)
rCorr   .          Rampage  .   (no gloves)
Will    .....                   (no boots)
Stlth   +++.......              (no amulet)
HPRegen 0.04/turn               (no ring)
MPRegen 0.07/turn               (no ring)

@: no status effects
A: sickness immunity, AC +2, negative energy resistance 1, electricity
resistance, torment resistance 1, petrification resistance
a: no special abilities


You were on level 6 of the Dungeon.
You visited 1 branch of the dungeon, and saw 2 of its levels.

Inventory:

Hand Weapons
 a - a +0 mace (weapon)
Armour
 b - a +0 leather armour (worn)
Wands
 g - a wand of digging (3)
Scrolls
 c - a scroll of fog
 d - a scroll of magic mapping
Potions
 f - a potion of haste


   Skills:
 * Level 3.3 Fighting
 * Level 2.0 Maces & Flails
 + Level 0.0 Armour
 + Level 1.5 Dodging
 + Level 5.5 Stealth


You couldn't memorise any spells.
You didn't know any spells.
Your spell library was empty.

Dungeon Overview and Level Annotations

Branches:
Dungeon (6/15)
 Temple: D:4-7

Altars:


Innate Abilities, Weirdness & Mutations

You are immune to sickness and miasma.
Your stone body is resilient. (AC +2)
You are immune to poison.
You resist negative energy. (rN+)
You are resistant to electric shocks. (rElec)
You are resistant to unholy torment.
You are immune to petrification.


Message History

There is an open door here.
The howler monkey barely misses you. The howler monkey hits you.
Found a lumpy brass amulet.
The centaur skeleton misses you.
The centaur skeleton closely misses you.
Unknown command.
The centaur skeleton hits you but does no damage.
The centaur skeleton kicks you but does no damage.
Found a hunting sling.
The howler monkey hoots and howls with incredible vigour!
You hear an angry hiss. x2; You hear a shout! x3
There is an open door here.
The centaur skeleton hits you. The centaur skeleton kicks you.
An adder comes into view.
The centaur skeleton closely misses you.
The centaur skeleton kicks you but does no damage.
As you open the door, it creaks loudly!
There is an open door here.
The howler monkey hoots and howls with incredible vigour!
You hear a shout!
The howler monkey hoots and howls with incredible vigour!
The howler monkey hoots and howls with incredible vigour!
As you read the scroll of fear, it crumbles to dust.
You assume a fearsome visage.
The howler monkey looks frightened!
The adder looks frightened!
Cornered, the adder turns to fight!
You closely miss the adder. The adder closely misses you.
Cornered, the howler monkey turns to fight!
You closely miss the adder. The adder bites you.
* * * LOW HITPOINT WARNING * * *
The adder bites you.
* * * LOW HITPOINT WARNING * * *
You hit the adder.
The adder is severely wounded.
The adder bites you but does no damage. The adder barely misses you.
You hit the adder.
The adder is almost dead.
The adder barely misses you.
You barely miss the adder.
The adder is almost dead.
The adder bites you.
You die...

#.#.#..).#............
#.#..###.###'#.....##
###### #.# #.#.....#
#####'#...).#
#..........#
#........?.#
###........#
#.#....h...#
#@#######'#####
#S##n.........#
#hnZ.Z....##.....
####......# ....
#......# "..
#####.#... .. #.#....
. ..#).... ####....


You could see a necrophage, a howler monkey and an adder.

Vanquished Creatures
  An orc (D:6)
1 creature vanquished.

Notes
Turn   | Place    | Note
-------+----------+-------------------------------------------
     0 | D:5      | RancidPinata the Gargoyle Delver began the quest for the
                  | Orb.
     0 | D:5      | Reached XP level 1. HP: 14/14 MP: 1/1
    39 | D:6      | Noticed a howler monkey
    48 | D:6      | Noticed a necrophage
    77 | D:6      | Slain by an adder

Illustrated notes

Levels and vault maps discovered:
D:5:      layout_basic, nicolae_qazlal_style_of_elements,
          minmay_temple_entry_butterflies
D:6:      layout_basic, gup_sewer_entry_spiral

Action                   || total
-------------------------++-------
Melee: Mace              ||     7
  Use: Scroll            ||     1
 Stab: Sleeping          ||     1
Armor: Leather armour    ||     5
Dodge: Dodged            ||    19

Table legend: (Time is in decaauts)
 A = Elapsed time spent in this place.
 B = Non-inter-level travel time spent in this place.
 C = Inter-level travel time spent in this place.
 D = Time resting spent in this place.
 E = Time spent auto-exploring this place.
 F = Levels seen in this place.
 G = Mean time per level.
                   A        B        C        D        E       F      G
               +--------+--------+--------+--------+--------+-----+--------+
         Total |     78 |     78 |      0 |      0 |      0 |   2 |   39.0 |
       Dungeon |     78 |     78 |      0 |      0 |      0 |   2 |   39.0 |
               +--------+--------+--------+--------+--------+-----+--------+

Top non-repeatable levels by time:
     D:6: 77 daAuts
     D:5: 1 daAuts
